Cogmind - Beta 16 @@@ ROGUE MODE // 2026.02.03 @ 21:41:06 Player: FailPail Result: Destroyed by Y-45 Defender with Heavy Assault Rifle Performance ------------- Evolutions (1) 500 Regions Visited (3) 600 Robots Destroyed (41) 205 Value Destroyed (1255) 1255 Prototype IDs (2) 40 Alien Tech Used (0) 0 Bonus (0) 0 TOTAL SCORE: 2600 Bonus ------- None Cogmind --------- Core Integrity 0/400 Matter 290/300 Energy 125/125 System Corruption 1% Temperature Warm (115) Movement Treading (160) Location -9/Storage Parts ------- > --- POWER (1) -------- Light Ion Engine > --- PROPULSION (2) --- Light Treads > --- UTILITY (4) ------ Medium Storage Unit Light Armor Plating > --- WEAPON (2) ------- Beam Rifle Light Assault Rifle > --- INVENTORY (10) --- Ion Engine Improved Ion Engine Aluminum Leg Aluminum Leg Beam Rifle Light Assault Rifle Peak State ------------ > --- POWER ------------ Ion Engine > --- PROPULSION ------- Wheel Compact Wheel > --- UTILITY ---------- Huge Storage Unit Small Matter Pod Visual Processing Unit Light Armor Plating > --- WEAPON ----------- Heavy Assault Rifle Improved Light Cannon > --- INVENTORY -------- Ion Engine Ion Engine Light Ion Engine Light Ion Engine Light Ion Engine Light Treads Light Treads Aluminum Leg Aluminum Leg Heat Sink [Rating: 13] Favorites ----------- Power Ion Engine Engine Ion Engine Propulsion Light Treads Treads Light Treads Leg Aluminum Leg Wheel Compact Wheel Utility Huge Storage Unit Device Heat Sink Storage Huge Storage Unit Processor Visual Processing Unit Protection Light Armor Plating Weapon Assault Rifle Energy Gun Beam Rifle Ballistic Gun Assault Rifle Ballistic Cannon Improved Light Cannon Launcher Rocket Launcher Build | -11 -10 -9 -9 ------- Run | Yrd Mat Mat Sto Slots Evolved 2 | . . 2 . Power . | . . . . Propulsion . | . . . . Utility 2 | . . 2 . Weapon . | . . . . Parts Attached 32 | 5 5 11 11 Power 4 | . 1 2 1 Engine 4 | . 1 2 1 Core . | . . . . Reactor . | . . . . Propulsion 7 | 2 . 4 1 Treads 4 | 2 . 1 1 Leg 1 | . . 1 . Wheel 2 | . . 2 . Hover . | . . . . Flight . | . . . . Utility 12 | 1 3 2 6 Device 3 | . . . 3 Storage 4 | 1 2 . 1 Processor 2 | . 1 1 . Hackware . | . . . . Protection 3 | . . 1 2 Artifact . | . . . . Weapon 9 | 2 1 3 3 Energy Gun 2 | . . . 2 Energy Cannon . | . . . . Ballistic Gun 5 | 2 1 1 1 Ballistic Cannon 1 | . . 1 . Launcher 1 | . . 1 . Special Weapon . | . . . . Impact Weapon . | . . . . Slashing Weapon . | . . . . Piercing Weapon . | . . . . Special Melee Weapon . | . . . . Unidentified Prototypes . | . . . . Parts Lost 18 | . . 8 10 Power 3 | . . 2 1 Propulsion 5 | . . 2 3 Utility 3 | . . . 3 Weapon 7 | . . 4 3 Highest Loss Streak 4 | . . 4 3 To Critical Strikes . | . . . . Average Backups 8 | 3 7 7 10 Power 3 | 1 2 2 3 Propulsion 3 | 1 4 3 3 Utility . | . . . 1 Weapon . | . 1 . 1 Tool/Special . | . . . . Unused Backups 15 | . 1 3 11 Power 9 | . 1 2 6 Propulsion 3 | . . 1 2 Utility 1 | . . . 1 Weapon 2 | . . . 2 Tool/Special . | . . . . Average Slot Usage (%) 84 | . 91 81 84 Engine 11 | . 14 10 11 Treads 16 | . 28 10 14 Wheel 5 | . . 10 4 Device 2 | . . . 6 Storage 16 | . 16 22 11 Processor 5 | . 3 2 9 Protection 3 | . . 3 5 Energy Gun 3 | . . . 8 Ballistic Gun 16 | . 28 17 7 Ballistic Cannon 2 | . . 1 4 Peak Build Rating 13 | 5 8 13 13 Average Rating 8 | 4 6 8 10 On Entrance 6 | . 5 7 13 Avg Prop Armor Cover (%) . | . . . . Naked Turns . | . . . . Heaviest Build 96 | 8 90 96 96 Greatest Support 40 | 40 40 40 40 Greatest Overweight (x) 5 | . 2 5 3 Average Overweight (x) 1 | . . 2 1 Largest Inventory Capacity 25 | 8 25 25 25 Average Capacity 18 | 7 13 25 16 Most Carried 18 | 7 9 18 18 Average Carried 8 | 3 7 7 10 Final Capacity 25 | 8 25 25 10 Final Carried 18 | 7 8 18 6 Class Distribution -------------------- 73% | Mutant 26% | Scavenger-Mutant Dominant Class ---------------- Mutant | -10/Materials Mutant | -9/Materials Scavenger-Mutant | -9/Storage Resources | -11 -10 -9 -9 ----------- Run | Yrd Mat Mat Sto Matter Collected 1008 | 192 47 500 269 Remotely . | . . . . Salvage Created 1405 | . 92 476 837 Parts 87 | . 4 30 53 Haulers Intercepted . | . . . . Recyclers Shooed 1 | . . . 1 Parts Field Recycled . | . . . . Retrieved Matter . | . . . . Parts Self-Destructed . | . . . . Prevented . | . . . . Parts Restored . | . . . . Kills | -11 -10 -9 -9 ------- Run | Yrd Mat Mat Sto Combat Hostiles Destroyed 39 | . 1 14 24 Guns 31 | . 1 11 19 Cannons 7 | . . 2 5 AOE 1 | . . 1 . Classes Destroyed 6 | . 2 2 2 Watcher 2 | . 2 . . Swarmer 9 | . . 3 6 Grunt 20 | . 1 7 12 Brawler 1 | . . . 1 Duelist 1 | . . . 1 Sentry 8 | . . 4 4 Best Kill Streak 5 | . 2 4 5 Combat Bots Only 5 | . 1 4 5 Max Kills in Single Turn 1 | . 1 1 1 Gunslinging . | . . . . Exploded 1 | . . 1 . Melee . | . . . . Uniques/NPCs Destroyed . | . . . . Combat | -11 -10 -9 -9 -------- Run | Yrd Mat Mat Sto Hostile Shots Fired 260 | . 3 112 145 Missed 73 | . 1 36 36 Hits 187 | . 2 76 109 Projectile 187 | . 2 76 109 Critical Strikes 1 | . . 1 . Part Disruptions 1 | . . 1 . Damage Taken 2253 | . 23 991 1239 Core 421 | . 12 99 310 Absorbed by Shields . | . . . . Core Remaining (%) 97 | 100 95 . . Volleys Fired 134 | . 15 43 76 Largest 2 | . 2 2 2 Hottest 89 | . 40 56 89 Shots Fired 257 | . 30 85 142 Gun 219 | . 30 75 114 Cannon 31 | . . 3 28 Launcher 7 | . . 7 . Special . | . . . . Kinetic 191 | . 30 78 83 Thermal 59 | . . . 59 Explosive 7 | . . 7 . Electromagnetic . | . . . . Robot Hit Streak 13 | . 3 9 13 Robot Miss Streak 10 | . 10 3 2 Penetration Max . | . . . . Secondary Targets 9 | . . 5 4 Max Gunslinging Chain 1 | . . 1 1 Shots Hit Robots 152 | . 9 52 91 Core Hits 70 | . 6 26 38 Critical Kills . | . . . . Critical Parts Destroyed . | . . . . Critical Strikes 5 | . . . 5 Burn 4 | . . . 4 Blast 1 | . . . 1 Melee Attacks . | . . . . Impact . | . . . . Slashing . | . . . . Piercing . | . . . . Sneak Attacks . | . . . . Combat Hostiles . | . . . . Follow-up Attacks . | . . . . Damage Inflicted 2353 | . 109 878 1366 Guns 1592 | . 109 527 956 Cannons 450 | . . 40 410 Explosions 311 | . . 311 . Melee . | . . . . Ramming . | . . . . Kinetic 1404 | . 109 567 728 Thermal 638 | . . . 638 Explosive 311 | . . 311 . Electromagnetic . | . . . . Impact . | . . . . Slashing . | . . . . Piercing . | . . . . Highest Corruption 1 | . . 1 1 Average Corruption 1 | . . 1 1 Corruption Purged . | . . . . Corruption Blocked . | . . . . Effects 5 | . . 1 4 Message Errors 1 | . . . 1 Matter Fused 3 | . . 1 2 Data Loss (minor) 1 | . . . 1 Overload Shots . | . . . . Overflow Damage 4 | . . 4 . Projectiles . | . . . . Explosions 4 | . . 4 . Melee . | . . . . Knockbacks 4 | . . . 4 Impact . | . . . . Kinetic 4 | . . . 4 Secondary . | . . . . Self-Inflicted Damage . | . . . . Shots . | . . . . Rammed . | . . . . Targets Rammed . | . . . . Kicked . | . . . . Crushed . | . . . . Highest Temperature 332 | . 6 34 332 Average Temperature 82 | . 6 10 100 Received Heat Transfer 972 | . 12 399 561 Effects 1 | . . . 1 Short Circuit 1 | . . . 1 Siege Activations . | . . . . Martial Activations . | . . . . Shielding Activations . | . . . . Robots Disrupted . | . . . . Combat Hostiles . | . . . . Robots Corrupted . | . . . . Combat Hostiles . | . . . . Parts Fried . | . . . . Impact Corruptions . | . . . . Robots Melted . | . . . . Combat Hostiles . | . . . . Parts Melted 3 | . . . 3 Heat Transferred 1924 | . . . 1924 Parts Sabotaged . | . . . . Parts Stolen . | . . . . Parts Stripped . | . . . . Power Chain Reactions . | . . . . Alert | -11 -10 -9 -9 ------- Run | Yrd Mat Mat Sto Maximum Alert Level 1 | . . . 1 Low Security (%) 84 | 100 100 100 56 Level 1 15 | . . . 43 Level 2 . | . . . . Level 3 . | . . . . Level 4 . | . . . . Level 5 . | . . . . High Security . | . . . . Max Security . | . . . . Peak Influence 380 | . 27 192 380 Initial 70 | . . . 70 Average 110 | . 1 92 220 Influence Increases 1105 | . 35 426 644 Destroy 0b10 Robot/C 780 | . 20 280 480 Destroy 0b10 Robot/NC 10 | . 10 . . Destroy Leader 184 | . 4 70 110 Successful Hack 9 | . . . 9 Disable Machine 15 | . . 15 . Destroy Structure 47 | . 1 46 . Partial Spotted 15 | . . . 15 Lose Combat Pursuer 45 | . . 15 30 Influence Decreases 745 | . 35 258 452 Entered New Map 98 | . . . 98 Time Decay 467 | . 35 178 254 Lost Part 180 | . . 80 100 Squads Dispatched 11 | . 1 2 8 Investigation 7 | . . 1 6 Extermination . | . . . . Reinforcement 2 | . 1 1 . Assault . | . . . . Garrison 2 | . . . 2 Intercept . | . . . . Searches Triggered . | . . . . Construction Impeded 1 | . . 1 . Haulers Reinforced . | . . . . Active Scanning Responses . | . . . . Cargo Convoy Interrupts . | . . . . Stealth | -11 -10 -9 -9 --------- Run | Yrd Mat Mat Sto Distress Signals 4 | . 1 3 . Communications Jammed . | . . . . Distress Signals . | . . . . Times Spotted 51 | . 5 18 28 Peak Tracking Total 5 | . 2 5 5 Tactical Retreats 3 | . . 1 2 Traps | -11 -10 -9 -9 ------- Run | Yrd Mat Mat Sto Traps Triggered 1 | . . . 1 Indirectly . | . . . . Trap Hack Attempts . | . . . . Triggered . | . . . . Disarmed 5 | . . . 5 Reprogrammed . | . . . . Reused . | . . . . Traps Extracted . | . . . . Installed . | . . . . Triggered . | . . . . Machines | -11 -10 -9 -9 ---------- Run | Yrd Mat Mat Sto Machines Disabled 1 | . . 1 . Max in Single Turn 1 | . . 1 . Garrison Access 1 | . . . 1 Machines Repaired . | . . . . Machines Dismantled . | . . . . Machines Sabotaged . | . . . . Overloaded Fab Kills . | . . . . Hacking | -11 -10 -9 -9 --------- Run | Yrd Mat Mat Sto Machines Accessed 11 | . 3 1 7 Terminals 10 | . 3 1 6 Fabricators . | . . . . Repair Stations . | . . . . Recycling Units . | . . . . Scanalyzers . | . . . . Garrison Access 1 | . . . 1 Total Hacks 37 | . 9 2 26 Successful 10 | . 3 . 7 Failed 27 | . 6 2 19 Catastrophic 6 | . . 1 5 Database Lockouts . | . . . . Manual . | . . . . Terminals 32 | . 9 2 21 Fabricators . | . . . . Repair Stations . | . . . . Recycling Units . | . . . . Scanalyzers . | . . . . Garrison Access 5 | . . . 5 Terminal Hacks 9 | . 3 . 6 Robot Schematic 1 | . . . 1 Prototype ID Bank 1 | . 1 . . Alert Level 1 | . . . 1 Locate Traps 1 | . . . 1 Disarm Traps 2 | . . . 2 Dispatch Records 1 | . 1 . . Zone Layout 2 | . 1 . 1 Fabricator Hacks . | . . . . Repair Station Hacks . | . . . . Recycling Unit Hacks . | . . . . Scanalyzer . | . . . . Garrison Access Hacks 1 | . . . 1 Seal Access 1 | . . . 1 Unauthorized Hacks . | . . . . Terminals . | . . . . Fabricators . | . . . . Repair Stations . | . . . . Recycling Units . | . . . . Scanalyzers . | . . . . Garrison Access . | . . . . Data Cores Recovered . | . . . . Used . | . . . . Hacking Detections 10 | . 2 1 7 Full Trace Events 7 | . . 1 6 Feedback Events . | . . . . Feedback Blocked . | . . . . Robot Schematics Acquired 1 | . . . 1 Robots Built . | . . . . Authchips . | . . . . Time . | . . . . Total Robot Build Rating . | . . . . Part Schematics Acquired . | . . . . Parts Built . | . . . . Authchips . | . . . . Time . | . . . . Total Part Build Rating . | . . . . Part Studies Acquired . | . . . . Parts Repaired . | . . . . Time . | . . . . Parts Recycled . | . . . . Recycled Matter . | . . . . Retrieved Matter . | . . . . Retrieved Components . | . . . . Parts Scanalyzed . | . . . . Part Schematics Acquired . | . . . . Parts Damaged . | . . . . Bothacking | -11 -10 -9 -9 ------------ Run | Yrd Mat Mat Sto Used RIF Installer . | . . . . Robots Hacked . | . . . . Non-combat . | . . . . Combat . | . . . . Robot Hacks Applied . | . . . . Relay Couplers Released . | . . . . Fabnet Peak Effective % . | . . . . Robots Rewired . | . . . . Allies Hacked . | . . . . Hacks Repelled . | . . . . Allies | -11 -10 -9 -9 -------- Run | Yrd Mat Mat Sto Total Allies . | . . . . Largest Group . | . . . . Highest-Rated Group . | . . . . Highest-Rated Ally . | . . . . Total Orders . | . . . . Ally Attacks . | . . . . Total Damage . | . . . . Kills . | . . . . Allies Corrupted . | . . . . Allies Melted . | . . . . Intel | -11 -10 -9 -9 ------- Run | Yrd Mat Mat Sto Active Infowar (turns) 643 | . 103 100 440 Optics 643 | . 103 100 440 Robot Analysis Total . | . . . . Derelict Logs Recovered . | . . . . Drone Launches . | . . . . Drone Recoveries . | . . . . Exploration | -11 -10 -9 -9 ------------- Run | Yrd Mat Mat Sto Turns Passed 1525 | 99 365 519 542 Spaces Moved 577 | 56 162 194 165 Core 6 | 6 . . . Treads 384 | 50 162 46 126 Legs . | . . . . Wheels 187 | . . 148 39 Hover . | . . . . Flight . | . . . . Fastest Speed 50 | 50 160 135 135 Average Speed 182 | 148 193 183 182 Slowest Speed 480 | 160 320 480 320 Overloaded Moves . | . . . . Propulsion Burnouts . | . . . . Robots Hopped . | . . . . Potential Cave-ins . | . . . . Cave-ins Triggered . | . . . . Exploration Rate (%) 24 | 4 36 22 34 Regions Visited 3 Branch Regions 1 Pre-discovered Areas . | . . . . Known Exits Taken . | . . . . Unknown Exits Taken 3 | 1 1 1 . Scrap Searched . | . . . . Spaces Dug . | . . . . Terrain Destroyed 51 | . . 51 . Melee . | . . . . Projectile . | . . . . AOE 51 | . . 51 . Terrain Rammed . | . . . . Walls Destroyed . | . . . . Machines Disabled . | . . . . Actions | -11 -10 -9 -9 --------- Run | Yrd Mat Mat Sto Total 814 | 72 188 279 275 Wait 9 | . . . 9 Move 574 | 55 161 193 165 Hop . | . . . . Pick Up 47 | 12 4 23 8 Fast Attach 2 | . 2 . . Attach 30 | 5 2 12 11 Detach 2 | . . 2 . Swap 5 | . 1 3 1 Drop 11 | . 3 3 5 Fire 134 | . 15 43 76 Melee . | . . . . Ram . | . . . . Kick . | . . . . Crush . | . . . . Escape Stasis . | . . . . Rewire . | . . . . Trap . | . . . . Miscellaneous . | . . . . Route ------- -11/Scrapyard -10/Materials -9/Materials -9/Storage History --------- Turn | Location | Event 10 | -11/Scrapyard | Discovered new exit (range 16) 100 | -11/Scrapyard | Entered Materials 101 | -10/Materials | Met a group of wandering Federalists 304 | -10/Materials | Build established: Mutant 417 | -10/Materials | Discovered new exit (range 16) 465 | -10/Materials | Entered another Materials area 465 | -9/Materials | Evolved 2 slots: Utility x2 748 | -9/Materials | Lost 4 parts (1p2n1w) 928 | -9/Materials | Discovered new exit (range 12) 984 | -9/Materials | Entered Storage 1088 | -9/Storage | Core integrity fell below 50% 1123 | -9/Storage | Lost 3 parts (2n1w) 1232 | -9/Storage | Core integrity fell below 20% 1266 | -9/Storage | Garrison activated, responded to threat 1448 | -9/Storage | Lost 3 parts (1p1u1w) 1456 | -9/Storage | Build established: Scavenger-Mutant 1526 | -9/Storage | Destroyed by Y-45 Defender with Heavy Assault Rifle Last Messages --------------- Connecting with Garrison Access... >>Seal Access door sealed. [Achievement: Throw Away The Key] System corrupted: Matter fused (-9). Connecting with Terminal... ALERT: Suspicious activity at Terminal S016. Dispatching Investigation squad. Lgt. Treads destroyed. G-34 Mercenary destroyed. Acquired 11 matter. System corrupted: Matter fused (-7). Connecting with Terminal... >>Traps(Locate) Found 9 traps in 2 arrays: 6x Explosive Trap 3x Alarm Trap Map updated. ALERT: Suspicious activity at Terminal S015. Dispatching Investigation squad. Map ----- +----------------------------------------------------+ | ???????????? ^^????????????????? | | ???????????+ ????????????????? | | ???????????# ????????????????? | | ???????????#^^^????????????????# | | ???????????# ^#???????????????# | | ???????????# #???????????????# | | ???????????# #???????????????# | | ???????????# #?#######???????# | | ???????????# #?#"""""#???????# | | ???????????# ###""T""###???#+# | | ???????????# # ##### | | ???????????# # """## | | ???????????# # """"" G"## | | ???????????# #= """"" """## | | ???????????# *+% """"" ##### | | ???????????# # #???#=! | | ???????????# # ##### =!= | | ?########### # =+%!%[=%/% | | ?# # ###T###########% %= | | ?# # #?###????# +=[ | | ?# # #????????# " #* ## | | ?# + #????????# T # #? | | ?? """ """ # #????????# " # +? | | ?# """ """ # #????????# # #? | | # """ """ # +????????# ! # #? | | ?# Y @ +^^^#????????#====# +? | | ??###" "###### #????????#====# #? | | ????#"R"?????? #????????#=== # #? | | ????#""??????? #????????###%## +? | | ?????????????? #??????????####+##? | | ?????????????? ?????????????????? | | ?????????????? ?????????????????? | | ?????????????? ?????????????????? | | ?????????????? ????????????????? | | ??????????????? ????????????????? | | ???????????????#?????????????????? | | ?????????????????????????????????? | | ?????????????????????????????????? | | ?????????????????????????????????? | | ?????????????????????????????????? | | | | | | | | | | | | | | | | | | | | | +----------------------------------------------------+ Best States ------------- Heat Dissipation 48 Energy Generation 10 Energy Capacity 250 Matter Stores 305 Matter Capacity 350 Sight Range 18 Terrain Scan Density 10 Armor Coverage 150 Evasion (%) 40 Recoil Reduction 2 Item Schematics ----------------- None Robot Schematics ------------------ O-16 Technician | -9/Storage | Hacked Fabricated ------------ Nothing Repaired ---------- Nothing Studied --------- None Alien Tech Used ----------------- None Achievements -------------- Throw Away The Key Challenges ------------ None Game ------ Seed GravityThermicLattice Manual? 0 Play Time 00:21:05 Cumulative 3.6 hours Start 2026.02.03 @ 21:21:54 End 2026.02.03 @ 21:41:06 Sessions 1 Manual Loads 0 Difficulty Rogue Special Mode None Game No. 8 Rogue 8 Adventurer 0 Explorer 0 Win Type - Total 0 Types 0/0/0/0/0/0/0/0/0/0 Lore% 0 Gallery% 9 Achievement% 8 Wizard Run 0 Options --------- Layout 1 ASCII 0 Keyboard 0 Movement Mouse Keybinds 0 Fullscreen 1 Font 24/Smallcaps Map View 50x35 Zoom Use 0% Tactical HUD 0 Map Filters NONE Filters NONE Steam 1 RUN: c96955c0-1c99-4b9b-9f55-ab21188396b0